AoeStats
← NuMa | JuanMan

Black Forest

509672320Analyzed
3v3 RM · 5d ago on Sep 27, 2026· 26m 7s· 6 players
Game mode
Random Map
Map size
Normal (6 player)
Population
200
Speed
Normal
Resources
Standard
Victory
Conquest
Starting age
Dark Age
Ending age
Imperial Age
RankedLock teamsTeams togetherTeam positionsShared explorationLock speedFull tech treeHidden civsTurbo modeCheats
Victory
Defeat
🇨🇴 Burmese · Colombia
1478
+11
🇨🇴 Khitans · Colombia
1322
+17
🇨🇴 Japanese · Colombia
1276
+19
🇺🇸 Wu · United States
1375
-17
🇺🇸 Danes · United States
1369
-16
🇫🇷 Mongols · France
1303
-14
TaNa
11:30 Feudal Age
15:03 Castle Age
13:47 Double-Bit Axe
13:57 Stone Mining
14:47 Fletching
15:54 Bow Saw
16:47 Horse Collar
18:44 Bodkin Arrow
fudgeassassin
4:48 Loom
9:29 Feudal Age
10:40 Double-Bit Axe
13:20 Wheelbarrow
16:36 Castle Age
18:00 Town Watch
18:17 Fletching
24:47 Padded Archer Armor
26:03 Ballistics
clem3613
0:28 Loom
12:10 Feudal Age
15:09 Double-Bit Axe
19:46 Castle Age
22:57 Bow Saw
24:22 Gold Mining
Caminante Blanco
1:24 Loom
9:31 Feudal Age
10:02 Man-at-Arms
14:44 Fletching
17:56 Scale Mail Armor
23:24 Castle Age
22:22 Padded Archer Armor
23:36 Elite Skirmisher
24:12 Bodkin Arrow
26:37 Ballistics
Camo
10:22 Feudal Age
13:28 Double-Bit Axe
16:00 Castle Age
14:01 Domestication
15:24 Scale Barding Armor
17:36 Husbandry
19:39 Loom
21:05 Chain Barding Armor
21:41 Forging
22:50 Pastoralism
23:18 Fletching
24:40 Wheelbarrow
26:14 Town Watch
NuMa | JuanMan
6:50 Loom
9:47 Feudal Age
9:49 Man-at-Arms
10:55 Arson
13:18 Double-Bit Axe
17:03 Town Watch
22:28 Castle Age
20:42 Horse Collar
22:32 Gold Mining
22:33 Stone Mining
23:52 Bow Saw
23:44 Heavy Plow
24:27 Guard Tower
25:48 Ballistics
25:40 Fletching
Connection lost

Rejoining the realm…

Still unreachable

The connection could not be restored.

Session expired

The server has moved on; the page needs a fresh start.